Cogmind - Beta 13 @@@ ROGUE MODE // 2024.03.25 @ 12:11:56 Player: mirxivus Result: Destroyed by exploding Fusion Modulator Performance ------------- Evolutions (0) 0 Regions Visited (1) 200 Robots Destroyed (5) 25 Value Destroyed (152) 152 Prototype IDs (0) 0 Alien Tech Used (0) 0 Bonus (0) 0 TOTAL SCORE: 377 Bonus ------- None Cogmind --------- Core Integrity 0/250 Matter 300/300 Energy 91/100 System Corruption 0% Temperature Warning (389) Movement Rolling (80) Location -10/Materials Parts ------- > --- POWER (1) -------- (None) > --- PROPULSION (2) --- Wheel > --- UTILITY (2) ------ Small Storage Unit > --- WEAPON (2) ------- Medium Laser Small Laser > --- INVENTORY (8) ---- Small Laser Light Assault Rifle Grenade Launcher Peak State ------------ > --- POWER ------------ Ion Engine > --- PROPULSION ------- Wheel Compact Wheel > --- UTILITY ---------- Small Storage Unit > --- WEAPON ----------- Medium Laser Small Laser > --- INVENTORY -------- Light Assault Rifle [Rating: 6] Favorites ----------- Power Ion Engine Engine Ion Engine Propulsion Wheel Wheel Wheel Utility Small Storage Unit Storage Small Storage Unit Weapon Medium Laser Energy Gun Medium Laser Build | -11 -10 ------- Run | Yrd Mat Slots Evolved . | . . Power . | . . Propulsion . | . . Utility . | . . Weapon . | . . Parts Attached 6 | 6 . Power 1 | 1 . Engine 1 | 1 . Core . | . . Reactor . | . . Propulsion 2 | 2 . Treads . | . . Leg . | . . Wheel 2 | 2 . Hover . | . . Flight . | . . Utility 1 | 1 . Device . | . . Storage 1 | 1 . Processor . | . . Hackware . | . . Protection . | . . Artifact . | . . Weapon 2 | 2 . Energy Gun 2 | 2 . Energy Cannon . | . . Ballistic Gun . | . . Ballistic Cannon . | . . Launcher . | . . Special Weapon . | . . Impact Weapon . | . . Slashing Weapon . | . . Piercing Weapon . | . . Special Melee Weapon . | . . Unidentified Prototypes . | . . Parts Lost 2 | . 2 Power 1 | . 1 Propulsion 1 | . 1 Utility . | . . Weapon . | . . Highest Loss Streak 2 | . 2 To Critical Strikes . | . . Average Slot Usage (%) 83 | . 83 Engine 13 | . 13 Wheel 27 | . 27 Storage 14 | . 14 Energy Gun 28 | . 28 Naked Turns . | . . Heaviest Build 13 | 13 13 Greatest Support 26 | 26 26 Greatest Overweight (x) 1 | 1 . Average Overweight (x) . | . . Largest Inventory Capacity 8 | 8 8 Average Capacity 7 | 7 8 Most Carried 6 | 6 3 Average Carried 1 | 2 1 Final Capacity 8 | 8 8 Final Carried 3 | 1 3 Class Distribution -------------------- 100% | Mutant Dominant Class ---------------- Mutant | -10/Materials Resources | -11 -10 ----------- Run | Yrd Mat Matter Collected 260 | 198 62 Remotely . | . . Salvage Created 186 | . 186 Parts 7 | . 7 Haulers Intercepted . | . . Recyclers Shooed . | . . Parts Field Recycled . | . . Retrieved Matter . | . . Parts Self-Destructed . | . . Prevented . | . . Kills | -11 -10 ------- Run | Yrd Mat Combat Hostiles Destroyed 4 | . 4 Guns 4 | . 4 Classes Destroyed 2 | . 2 Watcher 1 | . 1 Grunt 4 | . 4 Best Kill Streak 2 | . 2 Combat Bots Only 2 | . 2 Max Kills in Single Turn 1 | . 1 Gunslinging . | . . Exploded . | . . Melee . | . . Uniques/NPCs Destroyed . | . . Combat | -11 -10 -------- Run | Yrd Mat Hostile Shots Fired 29 | . 29 Missed 8 | . 8 Damage Taken 423 | . 423 Core 256 | . 256 Absorbed by Shields . | . . Core Remaining (%) 100 | 100 . Volleys Fired 23 | . 23 Largest 2 | . 2 Hottest 90 | . 90 Shots Fired 46 | . 46 Gun 46 | . 46 Cannon . | . . Launcher . | . . Special . | . . Kinetic . | . . Thermal 46 | . 46 Explosive . | . . Electromagnetic . | . . Robot Hit Streak 11 | . 11 Robot Miss Streak 3 | . 3 Penetration Max . | . . Secondary Targets . | . . Shots Hit Robots 33 | . 33 Core Hits 10 | . 10 Critical Kills . | . . Critical Parts Destroyed . | . . Critical Strikes 4 | . 4 Burn 4 | . 4 Melee Attacks . | . . Impact . | . . Slashing . | . . Piercing . | . . Sneak Attacks . | . . Combat Hostiles . | . . Follow-up Attacks . | . . Damage Inflicted 374 | . 374 Guns 374 | . 374 Cannons . | . . Explosions . | . . Melee . | . . Ramming . | . . Kinetic . | . . Thermal 374 | . 374 Explosive . | . . Electromagnetic . | . . Impact . | . . Slashing . | . . Piercing . | . . Highest Corruption . | . . Average Corruption . | . . Corruption Purged . | . . Corruption Blocked . | . . Overload Shots . | . . Overflow Damage . | . . Projectiles . | . . Explosions . | . . Melee . | . . Knockbacks . | . . Impact . | . . Kinetic . | . . Secondary . | . . Self-Inflicted Damage . | . . Shots . | . . Rammed . | . . Targets Rammed . | . . Kicked . | . . Crushed . | . . Highest Temperature 365 | . 365 Average Temperature 141 | . 141 Received Heat Transfer 126 | . 126 Siege Activations . | . . Robots Corrupted . | . . Combat Hostiles . | . . Parts Fried . | . . Impact Corruptions . | . . Robots Melted . | . . Combat Hostiles . | . . Parts Melted 3 | . 3 Heat Transferred 1289 | . 1289 Parts Sabotaged . | . . Parts Stolen . | . . Parts Stripped . | . . Power Chain Reactions . | . . Alert | -11 -10 ------- Run | Yrd Mat Peak Influence 77 | . 77 Initial . | . . Average 29 | . 39 Maximum Alert Level . | . . Low Security (%) 100 | 100 100 Level 1 . | . . Level 2 . | . . Level 3 . | . . Level 4 . | . . Level 5 . | . . High Security . | . . Max Security . | . . Squads Dispatched 1 | . 1 Investigation 1 | . 1 Extermination . | . . Reinforcement . | . . Assault . | . . Garrison . | . . Intercept . | . . Searches Triggered . | . . Construction Impeded . | . . Haulers Reinforced . | . . Active Scanning Responses . | . . Cargo Convoy Interrupts . | . . Stealth | -11 -10 --------- Run | Yrd Mat Distress Signals 1 | . 1 Communications Jammed . | . . Distress Signals . | . . Times Spotted 6 | . 6 Peak Tracking Total 3 | . 3 Tactical Retreats . | . . Traps | -11 -10 ------- Run | Yrd Mat Traps Triggered 1 | . 1 Indirectly . | . . Trap Hack Attempts . | . . Triggered . | . . Disarmed . | . . Reprogrammed . | . . Reused . | . . Traps Extracted . | . . Installed . | . . Triggered . | . . Machines | -11 -10 ---------- Run | Yrd Mat Machines Disabled . | . . Max in Single Turn . | . . Machines Repaired . | . . Machines Dismantled . | . . Machines Sabotaged . | . . Overloaded Fab Kills . | . . Hacking | -11 -10 --------- Run | Yrd Mat Machines Accessed . | . . Terminals . | . . Fabricators . | . . Repair Stations . | . . Recycling Units . | . . Scanalyzers . | . . Garrison Access . | . . Total Hacks . | . . Successful . | . . Failed . | . . Catastrophic . | . . Database Lockouts . | . . Manual . | . . Terminals . | . . Fabricators . | . . Repair Stations . | . . Recycling Units . | . . Scanalyzers . | . . Garrison Access . | . . Terminal Hacks . | . . Fabricator Hacks . | . . Repair Station Hacks . | . . Recycling Unit Hacks . | . . Scanalyzer . | . . Garrison Access Hacks . | . . Unauthorized Hacks . | . . Terminals . | . . Fabricators . | . . Repair Stations . | . . Recycling Units . | . . Scanalyzers . | . . Garrison Access . | . . Data Cores Recovered . | . . Used . | . . Hacking Detections . | . . Full Trace Events . | . . Feedback Events . | . . Feedback Blocked . | . . Robot Schematics Acquired . | . . Robots Built . | . . Authchips . | . . Time . | . . Total Robot Build Rating . | . . Part Schematics Acquired . | . . Parts Built . | . . Authchips . | . . Time . | . . Total Part Build Rating . | . . Parts Repaired . | . . Time . | . . Parts Recycled . | . . Recycled Matter . | . . Retrieved Matter . | . . Retrieved Components . | . . Parts Scanalyzed . | . . Part Schematics Acquired . | . . Parts Damaged . | . . Bothacking | -11 -10 ------------ Run | Yrd Mat Used RIF Installer . | . . Robots Hacked . | . . Non-combat . | . . Combat . | . . Robot Hacks Applied . | . . Relay Couplers Released . | . . Fabnet Peak Effective % . | . . Robots Rewired . | . . Allies Hacked . | . . Hacks Repelled . | . . Allies | -11 -10 -------- Run | Yrd Mat Total Allies . | . . Largest Group . | . . Highest-Rated Group . | . . Highest-Rated Ally . | . . Total Orders . | . . Ally Attacks . | . . Total Damage . | . . Kills . | . . Allies Corrupted . | . . Allies Melted . | . . Intel | -11 -10 ------- Run | Yrd Mat Robot Analysis Total . | . . Derelict Logs Recovered . | . . Drone Launches . | . . Drone Recoveries . | . . Exploration | -11 -10 ------------- Run | Yrd Mat Turns Passed 182 | 44 138 Spaces Moved 114 | 40 74 Core 12 | 12 . Treads . | . . Legs . | . . Wheels 102 | 28 74 Hover . | . . Flight . | . . Fastest Speed 50 | 50 90 Average Speed 86 | 80 90 Slowest Speed 100 | 100 90 Overloaded Moves . | . . Propulsion Burnouts . | . . Robots Hopped . | . . Cave-ins Triggered . | . . Exploration Rate (%) 10 | 3 18 Regions Visited 1 Branch Regions . Pre-discovered Areas . | . . Known Exits Taken . | . . Unknown Exits Taken 1 | 1 . Scrap Searched . | . . Spaces Dug . | . . Terrain Destroyed . | . . Melee . | . . Projectile . | . . AOE . | . . Terrain Rammed . | . . Walls Destroyed . | . . Machines Disabled . | . . Actions | -11 -10 --------- Run | Yrd Mat Total 150 | 51 99 Wait . | . . Move 113 | 39 74 Hop . | . . Pick Up 8 | 6 2 Fast Attach 1 | 1 . Attach 5 | 5 . Detach . | . . Swap . | . . Drop . | . . Fire 23 | . 23 Melee . | . . Ram . | . . Kick . | . . Crush . | . . Escape Stasis . | . . Rewire . | . . Trap . | . . Miscellaneous . | . . Route ------- -11/Scrapyard -10/Materials (discovered 1 exit: [*Min]) History --------- Turn | Location | Event 11 | -11/Scrapyard | Discovered new exit (range 15) 45 | -11/Scrapyard | Entered Materials 123 | -10/Materials | Discovered new exit (range 15) 183 | -10/Materials | Destroyed by exploding Fusion Modulator Last Messages --------------- 00104_ K-01 Serf collects debris. 00123_ EXIT=FOUND 00134_ Acquired Grenade Launcher. 00151_ G-34 Mercenary suffers critical hit (Burn). 00155_ G-34 Mercenary heat spikes uncontrollably. 00156_ G-34 Mercenary overheating. 00157_ G-34 Mercenary heat spikes uncontrollably. 00157_ G-34 Mercenary overheating. 00157_ Melted Aluminum Leg. 00158_ G-34 Mercenary heat damages Aluminum Leg. 00158_ G-34 Mercenary overheating. 00160_ G-34 Mercenary suffers critical hit (Burn). 00160_ Heat Sink melted. 00160_ Sml. Laser melted. 00160_ G-34 Mercenary destroyed. 00174_ Ion Engine destroyed. 00176_ Com. Wheel destroyed. 00177_ G-34 Mercenary suffers critical hit (Burn). 00180_ G-34 Mercenary destroyed. 00183_ Fusion Modulator explodes. Map ----- +----------------------------------------------------+ | ?????????????????????????????????????????????????? | | ?????????????????????????????????????????????????? | | ?????????????????????????????????????????????????? | | ?????????????????????????????#####???????????????? | | ############################ #???????????????? | | T #???????????????? | | T +???????????????? | | #???????????????? | | ########## """ % ##### #???????????????? | | ?????????# """ % #?????????????????????????? | | ?????????# """ #?????????????????????????? | | ???????### #?????????????????????????? | | ???????#"" #??????? #????????????????? | | ???????#"T """ """ #?????? #????????????????? | | ???????#"" """"""""" #?????? #????????????????? | | ???????### """"" " #????? ##???????????????? | | ?????? #????? #???????????????? | | ?????? #???? #???????????????? | | ?????? #???? +???????????????? | | ????? ##### #???????????????? | | ????################ # ; ????????????????? | | ???????????????????# a#;;;;;;;###???????????????? | | ???????????????????# ;; #???????????????? | | ??????????????????## ;;g #???????????????? | | ??????????????????# ; #???????????????? | | ??????????????????# ;@ #???????????????? | | ??????????????????# ; #???????????????? | | ??????????????????# ; #???????????????? | | ??????????????????# ; #???????????????? | | ??????????????????## #; #???????????????? | | ???????????????????# #; #???????????????? | | ???????????????????# ###########???????????????? | | ???????????????????# #?????????????????????????? | | ???????????????????# #?????????????????????????? | | ??????????????????? ?????????????????????????? | | ??????????????????" ?????????????????????????? | | ??????????????????! ?????????????????????????? | | ?????????????????"" < ?????????????????????????? | | ??????????????????! ??????????????????????????? | | ??????????????????? ???????????????????????????? | | ????????????????????? ???????????????????????????? | | ?????????????????????????????????????????????????? | | ?????????????????????????????????????????????????? | | ?????????????????????????????????????????????????? | | ?????????????????????????????????????????????????? | | ?????????????????????????????????????????????????? | | ?????????????????????????????????????????????????? | | ?????????????????????????????????????????????????? | | ?????????????????????????????????????????????????? | | ?????????????????????????????????????????????????? | +----------------------------------------------------+ Best States ------------- Heat Dissipation 25 Energy Generation 10 Energy Capacity 250 Matter Stores 300 Matter Capacity 300 Sight Range 16 Terrain Scan Density 10 Evasion (%) 50 Item Schematics ----------------- None Robot Schematics ------------------ None Fabricated ------------ Nothing Alien Tech Used ----------------- None Achievements -------------- None Challenges ------------ None Game ------ Seed CombatBottomlessShredder Manual? 0 Play Time 00:09:47 Cumulative 4.8 hours Start 2024.03.25 @ 12:04:02 End 2024.03.25 @ 12:11:56 Sessions 2 Manual Loads 0 Difficulty Rogue Special Mode None Game No. 5 Rogue 3 Adventurer 2 Explorer 0 Win Type - Total 0 Types 0/0/0/0/0/0/0/0/0 Lore% 3 Gallery% 13 Achievement% 10 Wizard Run 0 Options --------- Layout 0 ASCII 1 Keyboard 0 Movement Mouse Keybinds 0 Fullscreen 1 Font 24/Smallcaps Map View 76x50 Zoom Use 0% Tactical HUD 1 Map Filters NONE Filters NONE Steam 1 RUN: e8c64cc4-1596-4aa6-b5a9-cc65c0729e97